 Dungeon Crawl Stone Soup version 0.31-a0-102-g33a4ccc0cb (webtiles) character file.

Game seed: 5469616602083089638

2 Esekla the Sneak (level 1, 6/16 HPs)
             Began as an Octopode Delver on May 26, 2023.
             Quit the game on level 4 of the Dungeon.
             The game lasted 00:00:54 (49 turns).

Esekla the Sneak (Octopode Delver)                    Turns: 49, Time: 00:00:55

Health: 6/16       AC:  1    Str: 11    XL:     1   Next: 30%
Magic:  1/1        EV: 13    Int: 12    God:
Gold:   30         SH:  0    Dex: 13    Spells: 0/0 levels left

rFire   . . .        a - +0 falchion
rCold   . . .        (no shield)
rNeg    . . .        (helmet restricted)
rPois   .            (no amulet)
rElec   .            (no ring)
rCorr   .            (no ring)
SInv    .            (no ring)
Will    .....        (no ring)
Stlth   ++++         (no ring)
HPRegen 0.22/turn    (no ring)
MPRegen 0.07/turn    (no ring)
                     (no ring)

%: no passive effects
@: no status effects
A: almost no armour, amphibious, 8 rings, camouflage 1, gelatinous body 1,
(nimble swimmer 1), tentacles
a: no special abilities


You were on level 4 of the Dungeon.
You visited 1 branch of the dungeon, and saw 2 of its levels.

You collected 30 gold pieces.

Inventory:

Hand Weapons
 a - a +0 falchion (weapon)
Wands
 f - a wand of digging (3)
Scrolls
 b - a scroll of fog
 c - a scroll of identify {unknown}
 d - a scroll of fear
Potions
 e - a potion of haste


   Skills:
 * Level 3.0 Fighting
 * Level 2.0 Long Blades
 * Level 2.0 Dodging
 + Level 6.6 Stealth


You couldn't memorise any spells.
You didn't know any spells.
Your spell library was empty.

Dungeon Overview and Level Annotations

Branches:
Dungeon (5/15)
 Temple: D:4-7

Altars:
Okawaru
Trog


Innate Abilities, Weirdness & Mutations

You cannot wear most types of armour.
You are amphibious.
You can wear up to eight rings at the same time.
Your skin changes colour to match your surroundings (Stealth+).
Your rubbery body absorbs attacks. (AC +1, EV +1)
((You are camouflaged when in or above water. (Stealth+)))
You have tentacles for arms and can constrict up to eight enemies at once.


Message History

Found 5 stones.
Found 15 gold pieces.
Found 15 gold pieces.
You now have 15 gold pieces.
Found a scroll labelled JOD ESIRONOAGOWO.
Found an escape hatch in the ceiling.
You now have 30 gold pieces (gained 15).
Found a stone staircase leading up.
c - a scroll labelled JOD ESIRONOAGOWO You open the door.
An orc comes into view. It is wielding a +0 hand axe.
The orc shouts!
The orc moves out of view.
Found a bloodstained altar of Trog.
Found an iron altar of Okawaru.
There is an open door here.
The orc drinks a potion.
The orc goes berserk!
The orc rages.
There is an open door here.
You closely miss the orc. You grab the orc. You constrict the orc.
The orc hits you with a +0 hand axe!
Ouch! That really hurt!
You hit the orc. You squeeze the orc, but do no damage.
The orc is severely wounded.
You constrict the orc, but do no damage.
The orc hits you with a +0 hand axe. The orc barely misses you.
You hit the orc but do no damage.
The orc is severely wounded.
You constrict the orc. The orc misses you. The orc barely misses you.
You hit the orc.
You kill the orc!
There is an open door here.
Things that are here:
a +0 hand axe; an orc corpse
There is an escape hatch in the ceiling here.
A mysterious force pulls you upwards. The hatch slams shut behind you.
You hear the hiss of flowing sand.
There is an entrance to an ossuary on this level.
Hurry and find it before the portal is buried!
Found an escape hatch in the ceiling.
Found a stone staircase leading down.
Are you sure you want to abandon this character and quit the game? (Confirm with "yes".)

###...8 K......
.<.... ....#
##.8.##
###.r^.h###
###....>....#
#....@.......
....8...###...8
..#...### .
##+#


You could see a black bear (asleep), a quokka (asleep) and a kobold (asleep).

Vanquished Creatures
  An orc (D:5)
1 creature vanquished.

Notes
Turn   | Place    | Note
-------+----------+-------------------------------------------
     0 | D:5      | Esekla the Octopode Delver began the quest for the Orb.
     0 | D:5      | Reached XP level 1. HP: 16/16 MP: 1/1
    36 | D:5      | Found a bloodstained altar of Trog.
    37 | D:5      | Found an iron altar of Okawaru.
    48 | D:4      | Noticed a black bear
    49 | D:4      | Quit the game

Illustrated notes

Levels and vault maps discovered:
D:4:      layout_gridville, nicolae_tso_besieged_by_evil,
          minmay_temple_entry_fiery, enter_ossuary_3, serial_glass,
          glass_columns_a, glass_columns_a, grunt_ministairs_13
D:5:      layout_basic, grunt_temple_overflow_bloody_war

Action                     || total
---------------------------++-------
  Melee: Falchion          ||     4
         Constrict         ||     1
         Tentacles         ||     1
    Use: Scroll            ||     1
  Dodge: Dodged            ||     3

Table legend: (Time is in decaauts)
 A = Elapsed time spent in this place.
 B = Non-inter-level travel time spent in this place.
 C = Inter-level travel time spent in this place.
 D = Time resting spent in this place.
 E = Time spent auto-exploring this place.
 F = Levels seen in this place.
 G = Mean time per level.
                   A        B        C        D        E       F      G
               +--------+--------+--------+--------+--------+-----+--------+
         Total |     49 |     49 |      0 |      0 |      0 |   2 |   24.5 |
       Dungeon |     49 |     49 |      0 |      0 |      0 |   2 |   24.5 |
               +--------+--------+--------+--------+--------+-----+--------+

Top non-repeatable levels by time:
     D:5: 48 daAuts
     D:4: 0 daAuts
